 Dungeon Crawl Stone Soup version 0.27-a0-1334-g2746e35aca (webtiles) character file.

Game seed: 17699229539204192253

133 bande the Shield-Bearer (level 5, -4/33 HPs)
             Began as a Gargoyle Fighter on June 27, 2021.
             Shot with an arrow by a centaur (5 damage)
             ... on level 6 of the Dungeon.
             The game lasted 00:03:12 (2470 turns).

bande the Shield-Bearer (Gargoyle Fighter)          Turns: 2470, Time: 00:03:13

Health: -4/33      AC: 11    Str: 19      XL:     5   Next: 16%
Magic:  5/5        EV:  7    Int:  8 (9)  God:
Gold:   119        SH:  9    Dex: 10      Spells: 4/4 levels left

rFire    . . .     SeeInvis .   a - +0 war axe
rCold    . . .     Faith    .   c - +0 kite shield
rNeg     + . .     Spirit   .   b - +0 scale mail
rPois    ∞         Reflect  .   (no helmet)
rElec    +         Harm     .   (no cloak)
rCorr    .         Rampage  .   (no gloves)
Will     .....                  (no boots)
Stlth    ..........             (no amulet)
HPRegen  0.11/turn              (no ring)
MPRegen  0.09/turn              (no ring)

@: no status effects
A: sickness immunity, AC +4, negative energy resistance 1, electricity
resistance, torment resistance 1, petrification resistance
a: no special abilities


You were on level 6 of the Dungeon.
You visited 1 branch of the dungeon, and saw 4 of its levels.

You collected 119 gold pieces.

Inventory:

Hand Weapons
 a - a +0 war axe (weapon)
Armour
 b - a +0 scale mail (worn)
 c - a +0 kite shield (worn)
Jewellery
 e - a +6 ring of dexterity
Scrolls
 g - a scroll of blinking {unknown}
Potions
 d - a potion of might
 f - a potion of heal wounds


   Skills:
 + Level 3.8 Fighting
 + Level 3.3 Axes
 + Level 3.9 Armour
 + Level 0.4 Dodging
 + Level 4.1 Shields


You had 4 spell levels left.
You didn't know any spells.
Your spell library contained the following spells:

 Spells                   Type           Power      Damage    Failure   Level
 Corona                   Hex            0%         N/A       99%         1
 Magic Dart               Conj           0%         1d3       99%         1
 Blink                    Tloc           N/A        N/A       100%        2
 Call Imp                 Summ           0%         N/A       100%        2
 Ensorcelled Hibernation  Hex/Ice        0%         N/A       100%        2
 Slow                     Hex            0%         N/A       100%        2
 Confusing Touch          Hex            0%         N/A       100%        3
 Conjure Flame            Conj/Fire      0%         6-21      100%        3
 Dazzling Flash           Conj/Hex       0%         N/A       100%        3
 Mephitic Cloud           Conj/Pois/Air  0%         N/A       100%        3
 Tukima's Dance           Hex            0%         N/A       100%        3


Dungeon Overview and Level Annotations

Branches:
Dungeon (3/15)

Altars:

Shops:
D:2 :


Innate Abilities, Weirdness & Mutations

You are immune to sickness and miasma.
Your stone body is resilient. (AC +4)
You are immune to poison.
You resist negative energy. (rN+)
You are resistant to electric shocks. (rElec)
You are resistant to unholy torment.
You are immune to petrification.


Message History

No target in view!
No target in view!
No target in view!
Found a leather armour.
Done exploring.
No target in view!
No target in view!
No target in view!
No target in view!
No target in view!
Done exploring.
Done exploring.
There is a stone staircase leading down here.
You climb downwards.
Found 3 boomerangs and 17 gold pieces.
Found a stone staircase leading up.
There is a stone staircase leading up here.
Found a stone staircase leading down.
Found a hunting sling.
You now have 119 gold pieces (gained 17).
There is a stone staircase leading down here.
You fall into a shaft and drop 3 floors!
The shaft crumbles and collapses.
Unknown command.
A centaur comes into view.
The centaur shouts!
A hound comes into view.
The centaur wields a +0 shortbow.
The centaur shoots an arrow.
The arrow hits you.
The centaur shoots an arrow.
You block the arrow.
The centaur shoots an arrow.
The arrow hits you!
The centaur shoots an arrow.
The arrow hits you!
The centaur shoots an arrow.
The arrow hits you.
* * * LOW HITPOINT WARNING * * *
The centaur shoots an arrow.
The arrow hits you but does no damage.
The centaur shoots an arrow.
The arrow hits you.
* * * LOW HITPOINT WARNING * * *
The centaur shoots an arrow.
The arrow hits you.
* * * LOW HITPOINT WARNING * * *
The centaur shoots an arrow.
The arrow hits you.
You die...

#.### #...##
#....## #.....##
#......#
#......# ...
#......## ....
#.......# #..#
#.@...c.## #..#
#........####..#
#...###....#..#
#...# ###....#
#..## ###.##
#..# #.# #.##
#.# ## #.# ..#


You could see a centaur.

Vanquished Creatures
  7 adders (D:2)
  A gnoll (D:1)
  A worm (D:2)
  A dart slug (D:1)
  5 bats
  4 endoplasms
  2 giant cockroaches (D:1)
  5 goblins
  3 hobgoblins (D:1)
  9 jackals
  5 kobolds
  6 ball pythons
  A frilled lizard (D:1)
  5 rats
55 creatures vanquished.

Notes
Turn   | Place    | Note
-------+----------+-------------------------------------------
     0 | D:1      | bande the Gargoyle Fighter began the quest for the Orb.
     0 | D:1      | Reached XP level 1. HP: 14/14 MP: 1/1
    75 | D:1      | Reached XP level 2. HP: 18/19 MP: 2/2
   388 | D:1      | Reached XP level 3. HP: 19/23 MP: 3/3
   503 | D:1      | Found a faded altar of an unknown god.
  1311 | D:2      | Reached XP level 4. HP: 29/29 MP: 4/4
  2028 | D:2      | Reached skill level 4 in Shields
  2043 | D:2      | Found Yxeirgheu's Book Boutique.
  2255 | D:2      | Reached XP level 5. HP: 33/33 MP: 5/5
  2453 | D:3      | You fall into a shaft and drop 3 floors!
  2456 | D:6      | Noticed a centaur
  2468 | D:6      | HP: 1/33 [centaur/arrow (6)]
  2470 | D:6      | Shot with an arrow by a centaur

Illustrated notes

Levels and vault maps discovered:
D:1:      evilmike_arrival_fibonacci_small, layout_loops_ring,
          basic_ecumenical_altar, hex_large
D:2:      layout_basic, serial_shops, shop
D:3:      layout_loops_ring, nicolae_overflow_quartered_altars, serial_forest,
          infiniplex_forest_lined_corner, infiniplex_forest_lined_3_way,
          infiniplex_forest_clump_curved, infiniplex_forest_lined_3_way,
          infiniplex_forest_clump_tiny, infiniplex_forest_lined_1,
          infiniplex_forest_clump_double
D:6:      layout_cave_pods, minmay_misc_feat_diagonals, roderic_serpentine_path

Skill      XL: |  1  2  3  4 |
---------------+-------------+-----
Axes           | 2 3 |  3.3
Shields        | 4 |  4.1
Fighting       | |  3.8
Armour         | |  3.9
Dodging        | |  0.4

Action                   |  1- 3 |  4- 6 || total
-------------------------+-------+-------++-------
Melee: War axe           |   117 |    94 ||   211
  Use: Scroll            |     3 |       ||     3
       Potion            |     2 |       ||     2
Armor: Scale mail        |    75 |    69 ||   144
Dodge: Dodged            |    60 |    36 ||    96
Block: Kite shield       |    77 |    61 ||   138

Table legend: (Time is in decaauts)
 A = Elapsed time spent in this place.
 B = Non-inter-level travel time spent in this place.
 C = Inter-level travel time spent in this place.
 D = Time resting spent in this place.
 E = Time spent auto-exploring this place.
 F = Levels seen in this place.
 G = Mean time per level.
                   A        B        C        D        E       F      G
               +--------+--------+--------+--------+--------+-----+--------+
         Total |   2608 |   2608 |      0 |    631 |   1458 |   4 |  652.0 |
       Dungeon |   2608 |   2608 |      0 |    631 |   1458 |   4 |  652.0 |
               +--------+--------+--------+--------+--------+-----+--------+

Top non-repeatable levels by time:
     D:2: 1441 daAuts
     D:1: 1122 daAuts
     D:3: 27 daAuts
     D:6: 16 daAuts
